 Dungeon Crawl Stone Soup version 0.12.2-18-gb8c16a5 (webtiles) character file.

219 R18 the Ruinous (level 4, -1/27 HPs)
             Began as a High Elf Conjurer on Aug 19, 2013.
             Slain by an orc wizard
             ... wielding a +1,+3 orcish dagger
              (4 damage)
             ... on Level 3 of the Dungeon.
             The game lasted 00:08:29 (2029 turns).

R18 the Ruinous (High Elf Conjurer)                 Turns: 2029, Time: 00:08:29

HP  -1/27        AC  3     Str  7      XL: 4   Next: 71%
MP   0/13        EV 12     Int 20      God:
Gold 102         SH  0     Dex 15      Spells:  3 memorised,  5 levels left

Res.Fire  : . . .   See Invis. : .   b - +0 sling
Res.Cold  : . . .   Warding    : .   d - +0 elf robe
Life Prot.: . . .   Conserve   : .   (no shield)
Res.Poison: .       Res.Corr.  : .   (no helmet)
Res.Elec. : .       Clarity    : .   e - +0 cloak
Sust.Abil.: . .     Spirit.Shd : .   (no gloves)
Res.Mut.  : .       Stasis     : .   (no boots)
Res.Rott. : .       Ctrl.Telep.: .   (no amulet)
Saprovore : . . .   Flight     : .   (no ring)
                                     (no ring)

@: hasted, very quick, slightly resistant to hostile enchantments, fairly
stealthy
A: no striking features
a: no special abilities


You were on level 3 of the Dungeon.
You were hungry.

You visited 1 branch of the dungeon, and saw 3 of its levels.

You collected 82 gold pieces.

Inventory:

Hand weapons
 a - a +2,+0 short sword
 b - a +0,+0 sling (weapon)
Missiles
 f - 4 darts
 i - 3 javelins
 r - 14 stones (quivered)
 t - 8 poisoned needles
Armour
 d - a +0 elven robe (worn)
 e - a +0 cloak (worn)
Comestibles
 g - a meat ration
 l - 3 bread rations
 v - a chunk of bat flesh
Scrolls
 h - a scroll of identify {unknown}
 p - 2 scrolls of magic mapping
 s - a scroll of enchant weapon I {unknown}
 u - a scroll of blinking {unknown}
 x - a scroll of recharging {unknown}
 y - a scroll of curse weapon {unknown}
Jewellery
 j - a +1 ring of dexterity {unknown}
 q - an uncursed ring of invisibility {unknown}
Potions
 m - a potion of speed
 n - 2 potions of paralysis {unknown}
 o - a potion of degeneration {unknown}
 w - a potion of magic {unknown}
Books
 c - a book of Conjurations

   Spells                             Type                      Level
   *Magic Dart                        Conjuration                  1
   *Force Lance                       Conjuration                  2
   *Dazzling Spray                    Conjuration/Hexes            3
   Iskenderun's Mystic Blast          Conjuration                  4
   Iskenderun's Battlesphere          Conjuration/Charms           4
   Fulminant Prism                    Conjuration/Hexes            5


   Skills:
 - Level 2.1 Dodging
 - Level 2.1 Stealth
 * Level 4.1 Spellcasting
 + Level 5.3 Conjurations


You had 5 spell levels left.
You knew the following spells:

 Your Spells              Type           Power        Failure   Level  Hunger
a - Magic Dart            Conj           #####        1%          1    None
b - Force Lance           Conj           #####..      2%          2    #......
c - Dazzling Spray        Conj/Hex       ###......    14%         3    ###....


Dungeon Overview and Level Annotations

Branches:
Dungeon (3/27)

Altars:


Message History

The orc wizard is moderately wounded.
The orc wizard hits you with an orcish dagger.
Unknown command.
The orc wizard hits you with an orcish dagger.
The orc wizard completely misses you.
Unknown command.
Firing (i - inventory. (,) - cycle):
r - 15 stones (quivered)
Press: ? - help, Shift-Dir - straight line, f/p - orc wizard
Aim: an orc wizard, wielding an orcish dagger and wearing an orcish robe (moderately wounded, moving very quickly)
You shoot a stone. The stone misses the orc wizard.
The orc wizard hits you with an orcish dagger.
* * * LOW HITPOINT WARNING * * *
The orc wizard hits you with an orcish dagger.
* * * LOW HITPOINT WARNING * * *
Unknown command.
Drink which item? (? for menu, Esc to quit)
You feel yourself speed up.
It was a potion of speed.
The orc wizard is no longer moving quickly.
The orc wizard hits you with an orcish dagger.
You die...

.######.##.# ####.####.# .
#.##.# #.......#.####
.....######o##.###.##.##.#.....
#(..oo()o.#......##.##.#####.
###########..######....# #.
#..# #.#### #. #<.# #.# #. ##o#
#.# ##### #@# #.# #....
#######.######.# #.###
................# #.# #
#######'######.#####.# #
#.....# #.......# #
#.....#####.####### #
+.....'...........# #
#.....#####.#####.# # #....(#
#.#####.#


You could see an orc wizard.

Vanquished Creatures
  Ijyb (D:3)
  3 adders
  2 giant geckos (D:2)
  An ooze (D:2)
  3 orcs (D:3)
  2 ball pythons (D:2)
  4 bats
  10 goblins
  5 hobgoblins
  11 jackals
  8 kobolds
  3 giant cockroaches
  3 giant newts
  6 rats
62 creatures vanquished.

Notes
Turn   | Place    | Note
--------------------------------------------------------------
     0 | D:1      | R18, the High Elf Conjurer, began the quest for the Orb.
     0 | D:1      | Reached XP level 1. HP: 11/11 MP: 4/4
     0 | D:1      | paplaukes: force lance huh
     0 | D:1      | paplaukes: fulminant what now
     0 | D:1      | R18: what the hell are these
     0 | D:1      | Vidiiot: You have mystic blast
     0 | D:1      | paplaukes: see i knew you mixed up
     0 | D:1      | Vidiiot: So at least there isn't that massive gap
     0 | D:1      | paplaukes: iskenderuns and ood
     0 | D:1      | Vidiiot: Like there was in the old book
     0 | D:1      | R18: isn't it isekendruns orb of destruction
     0 | D:1      | R18: though
     0 | D:1      | paplaukes: you can squirt on mobs
     0 | D:1      | R18: what is this madness
     0 | D:1      | paplaukes: nice
     0 | D:1      | R18: this could be fun
     0 | D:1      | paplaukes: is this conjurer
     0 | D:1      | R18: yeah
    16 | D:1      | paplaukes: I was trying air elementalist but that one didn't have things this wacky
    38 | D:1      | paplaukes: anyhoo - good luck and good night
    38 | D:1      | R18: take care
   133 | D:1      | Reached XP level 2. HP: 15/17 MP: 0/5
   604 | D:1      | Reached XP level 3. HP: 11/21 MP: 0/9
  1178 | D:2      | Reached skill level 5 in Conjurations
  1400 | D:2      | Learned a level 2 spell: Force Lance
  1501 | D:2      | Reached XP level 4. HP: 27/27 MP: 6/12
  1514 | D:2      | Learned a level 3 spell: Dazzling Spray
  1980 | D:3      | Noticed Ijyb
  2007 | D:3      | Killed Ijyb
  2029 | D:3      | Slain by an orc wizard

Action                   |  1- 3 |  4- 6 || total
-------------------------+-------+-------++-------
Melee: Short sword       |    34 |       ||    34
 Fire: Sling             |    39 |    15 ||    54
Throw: Javelin           |     6 |       ||     6
       Dart              |     2 |       ||     2
 Cast: Magic Dart        |    80 |    27 ||   107
       Force Lance       |     2 |     1 ||     3
       Dazzling Spray    |       |     2 ||     2
  Use: Scroll            |     3 |       ||     3
       Potion            |       |     3 ||     3
